Map: Blueshift LE

Players

Odin - Winner!

  • Race: Protoss Protoss
  • League: Platinum
  • Spawn Location: 1:00

VOD

Have the link to the VOD?

Description

Time

  • Played on: Dec. 26, 2018, 7:03 p.m.
  • Length: 25:43
Show
View Real Time Build Order
Export as new Build Order

Odin Protoss - Winner!

Build Orders:  

Get SALT Encoding   

  12  0:04  Probe (Chrono Boost)  
  13  0:26  Pylon  
  13  0:29  Probe (Chrono Boost)  
  14  0:43  Probe (Chrono Boost)  
  15  0:52  Gateway  
  15  0:58  Probe (Chrono Boost)  
  16  1:07  Assimilator  
  16  1:16  Probe (Chrono Boost)  
  17  1:25  Assimilator  
  17  1:40  Probe (Chrono Boost)  
  18  1:52  Pylon  
  18  2:04  Probe (Chrono Boost)  
  18  2:06  Cybernetics Core  
  19  2:19  Gateway  
  19  2:35  Probe (Chrono Boost)  
  21  2:50  Probe (Chrono Boost)  
  21  2:57  Stalker  
  23  3:01  Probe (Chrono Boost)  
  24  3:27  Stalker, Pylon  
  26  3:43  Probe (Chrono Boost)  
  26  3:49  Stalker  
  29  3:59  Stargate  
  29  4:09  Stalker  
  31  4:15  Probe (Chrono Boost)  
  32  4:36  Warp Gate  
  30  4:54  Stalker  
  30  4:56  Stalker  
  31  5:30  Oracle  
  31  5:35  Probe (Chrono Boost)  
  31  5:39  Shield Battery  
  32  5:40  Shield Battery  
  32  5:48  Stalker  
  32  6:01  Stalker  
  32  6:33  Stalker x2  
  36  7:32  Nexus  
  36  7:35  Assimilator  
  34  7:40  Assimilator  
  34  7:44  Pylon  
  34  7:48  Pylon  
  34  7:53  Stalker x2  
  38  8:09  Gateway  
  39  8:10  Gateway  
  39  8:12  Probe (Chrono Boost)  
  39  8:13  Gateway  
  39  8:28  Oracle  
  39  8:29  Probe (Chrono Boost)  
  43  8:45  Stalker  
  43  8:46  Probe (Chrono Boost)  
  43  8:48  Stalker  
  48  9:06  Twilight Council  
  48  9:15  Probe (Chrono Boost)  
  48  9:16  Probe (Chrono Boost)  
  50  9:32  Probe (Chrono Boost)  
  51  9:43  Probe (Chrono Boost)  
  51  9:49  Probe (Chrono Boost)  
  53  9:52  Stalker x2  
  53  9:53  Stalker  
  57  10:45  Stalker  
  57  10:46  Stalker x4  
  67  11:04  Probe x2 (Chrono Boost)  
  67  11:06  Pylon  
  69  11:11  Pylon  
  69  11:19  Forge  
  70  11:21  Probe (Chrono Boost)  
  70  11:26  Forge  
  70  11:33  Probe (Chrono Boost)  
  70  11:38  Blink  
  71  11:43  Stalker x2  
  75  12:27  Stalker x2  
  75  12:28  Stalker x3  
  85  12:47  Nexus  
  45  14:01  Stalker  
  45  14:02  Stalker x3  
  53  14:23  Gateway  
  53  14:25  Gateway  
  53  14:29  Gateway  
  53  14:30  Gateway  
  53  14:32  Robotics Facility, Protoss Ground Weapons Level 1  
  53  14:33  Protoss Ground Armor Level 1  
  53  14:38  Oracle  
  56  14:45  Probe x3 (Chrono Boost)  
  59  14:58  Stalker  
  61  15:02  Probe x3 (Chrono Boost), Stalker  
  66  15:19  Probe (Chrono Boost)  
  67  15:22  Probe (Chrono Boost)  
  67  15:23  Probe (Chrono Boost)  
  69  15:36  Probe (Chrono Boost)  
  69  15:39  Probe (Chrono Boost)  
  70  16:00  Pylon  
  70  16:05  Pylon  
  70  16:07  Assimilator  
  70  16:08  Immortal  
  70  16:10  Charge, Stalker x3  
  70  16:12  Stalker x3  
  70  16:13  Assimilator  
  86  16:47  Zealot x5  
  86  16:48  Zealot  
  98  17:06  Sentry x2  
  102  17:15  Sentry  
  102  17:17  Sentry x3  
  110  17:24  Zealot x2  
  114  17:39  Warp Prism  
  116  17:47  Pylon  
  116  17:53  Pylon  
  116  18:04  Nexus  
  116  18:17  Oracle  
  119  18:26  Probe (Chrono Boost)  
  119  18:27  Probe x2 (Chrono Boost)  
  122  18:42  Immortal  
  122  18:43  Probe (Chrono Boost)  
  122  18:44  Probe x2 (Chrono Boost)  
  129  19:11  Zealot x2  
  133  19:37  Protoss Ground Weapons Level 2, Protoss Ground Armor Level 2  
  133  19:47  Probe x4 (Chrono Boost), Zealot x2  
  133  19:48  Zealot  
  143  20:03  Pylon  
  143  20:05  Pylon  
  143  20:08  Pylon  
  143  20:10  Pylon  
  143  20:23  Pylon  
  143  20:27  Pylon  
  143  20:29  Pylon  
  147  20:30  Probe x4 (Chrono Boost)  
  147  20:39  Zealot x7  
  161  20:40  Zealot  
  163  21:26  Zealot x3  
  163  21:27  Zealot x5  
  120  22:02  Zealot x3  
  120  22:03  Zealot x5  
  118  22:46  Stalker x5  
  118  22:47  Stalker x3  
  116  23:49  Probe x3 (Chrono Boost)  
  118  23:50  Probe (Chrono Boost)  
  118  23:55  Stalker  
  118  23:56  Stalker x7  
  134  24:47  Zealot x2  
  134  24:48  Zealot x6  
Tags
 
Add a new tag
Caveats
  • Supply blocks, unpowered buildings, or Contaminate may cause inaccurate times.
  • Supply counts are checked every 10 seconds.